TOP OF THE 1ST |
Joplin Blasters batting - Pitching for Colorado Avalanche : LHP Juan Vargas
|
Pitching: LHP Juan Vargas
|
|
Batting: RHB John Normand
|
0-0: Ball 1-0: Ball 2-0: Fly out, F9 (Flyball, 89D, EV 80.6 MPH)
|
Batting: RHB Mike McClung
|
0-0: Called Strike 0-1: Called Strike 0-2: Ball 1-2: Ball 2-2: Foul Ball, location: 2F 2-2: Ball 3-2: Foul Ball, location: 2F 3-2: Strikes out swinging
|
Batting: SHB Gary Woodroffe
|
0-0: Ball 1-0: Swinging Strike 1-1: Called Strike 1-2: Strikes out swinging
|
Top of the 1st over - 0 runs, 0 hits, 0 errors, 0 left on base; Joplin 0 - Colorado 0 |
BOTTOM OF THE 1ST |
Colorado Avalanche batting - Pitching for Joplin Blasters : RHP Chris Elliott
|
Pitching: RHP Chris Elliott
|
|
Batting: RHB Eric Delgado
|
0-0: Ball 1-0: Foul Ball, location: 2F 1-1: SOLO HOME RUN (Flyball, 7LD, EV 100.6 MPH), Distance : 383 ft
|
Batting: RHB Chris Tatum
|
0-0: Called Strike 0-1: Swinging Strike 0-2: Ball 1-2: Ball 2-2: Strikes out swinging
|
Batting: SHB Joan Coucieiro
|
0-0: Ball 1-0: Foul Ball, location: 2F 1-1: Foul Ball, location: 2F 1-2: Strikes out swinging
|
Batting: RHB Rade Mamula
|
0-0: Swinging Strike 0-1: Foul Ball, location: 2F 0-2: Fly out, F7 (Flyball, 7, EV 78.1 MPH)
|
Bottom of the 1st over - 1 run, 1 hit, 0 errors, 0 left on base; Joplin 0 - Colorado 1 |
TOP OF THE 2ND |
Joplin Blasters batting - Pitching for Colorado Avalanche : LHP Juan Vargas
|
Batting: RHB Cody Marshall
|
0-0: Called Strike 0-1: Ball 1-1: Foul Ball, location: 2F 1-2: Foul Ball, location: 2F 1-2: Strikes out looking
|
Batting: RHB Mike Stokes
|
0-0: Called Strike 0-1: Ball 1-1: Foul Ball, location: 2F 1-2: Foul Ball, location: 2F 1-2: Strikes out swinging
|
Batting: RHB Esteban Acuna
|
0-0: Called Strike 0-1: Ball 1-1: Foul Ball, location: 2F 1-2: Fly out, F8 (Flyball, 8LD, EV 93.1 MPH)
|
Top of the 2nd over - 0 runs, 0 hits, 0 errors, 0 left on base; Joplin 0 - Colorado 1 |
BOTTOM OF THE 2ND |
Colorado Avalanche batting - Pitching for Joplin Blasters : RHP Chris Elliott
|
Batting: LHB Rich Rauda
|
0-0: SINGLE (Groundball, 4MS, EV 61.2 MPH) (infield hit)
|
Batting: LHB Brian Canny
|
0-0: Swinging Strike 0-1: Ball Rich Rauda steals 2nd base 1-1: Swinging Strike 1-2: Foul Ball, location: 2F 1-2: Foul Ball, location: 2F 1-2: Ball Wild Pitch! Rich Rauda to third 2-2: Strikes out swinging
|
Batting: LHB Javy Rueda
|
0-0: Called Strike 0-1: DOUBLE (Line Drive, 8LD, EV 102.5 MPH) Rich Rauda scores
|
Batting: RHB Luis Mendoza
|
0-0: Called Strike 0-1: Foul Ball, location: 2F 0-2: Strikes out swinging, 2-3 out at first.
|
Batting: RHB Jack Stadner
|
0-0: Ball 1-0: Ball 2-0: Called Strike 2-1: Reached on error, E4 (Groundball, 4, EV 83.1 MPH) Javy Rueda scores
|
Batting: RHB Eric Delgado
|
0-0: Called Strike 0-1: Swinging Strike 0-2: Ground out 1-3 (Groundball, 34S, EV 68.8 MPH)
|
Bottom of the 2nd over - 2 runs, 2 hits, 1 error, 1 left on base; Joplin 0 - Colorado 3 |
TOP OF THE 3RD |
Joplin Blasters batting - Pitching for Colorado Avalanche : LHP Juan Vargas
|
Batting: LHB Willie Marquez
|
0-0: Ball 1-0: Foul Ball, location: 2F 1-1: Called Strike 1-2: Reached on error, E6 (Groundball, 6, EV 85.0 MPH)
|
Batting: RHB Jimmy Black
|
0-0: Ball 1-0: Ball 2-0: Called Strike 2-1: SINGLE (Groundball, 6MD, EV 100.0 MPH) Willie Marquez to third Runner from 3rd tries for Home, SAFE, throw by CF to home
|
Batting: RHB Danny Jefferies
|
0-0: Ball 1-0: Foul Ball, location: 2F 1-1: Ball 2-1: Ball 3-1: Foul Ball, location: 2F 3-2: Strikes out swinging
|
Batting: RHB John Normand
|
0-0: Called Strike 0-1: Ball 1-1: Called Strike 1-2: Foul Ball, location: 2F 1-2: Fielders Choice at 2nd, 5-4 (Groundball, 56, EV 88.1 MPH)
|
Batting: RHB Mike McClung
|
0-0: Ball 1-0: Ball 2-0: Ball 3-0: Base on Balls John Normand to second
|
Batting: SHB Gary Woodroffe
|
0-0: Called Strike 0-1: Ball 1-1: Foul Ball, location: 2F 1-2: Foul Ball, location: 2F 1-2: Strikes out swinging
|
Top of the 3rd over - 1 run, 1 hit, 1 error, 2 left on base; Joplin 1 - Colorado 3 |
BOTTOM OF THE 3RD |
Colorado Avalanche batting - Pitching for Joplin Blasters : RHP Chris Elliott
|
Batting: RHB Chris Tatum
|
0-0: Ball 1-0: Ball 2-0: Ball 3-0: Base on Balls
|
Batting: SHB Joan Coucieiro
|
0-0: Ball 1-0: Foul Ball, location: 2F 1-1: Ball 2-1: Foul Ball, location: 2F 2-2: Foul Ball, location: 2F 2-2: Ball 3-2: Foul Ball, location: 2F 3-2: Fly out, F8 (Flyball, 8LD, EV 95.6 MPH)
|
Batting: RHB Rade Mamula
|
0-0: Called Strike 0-1: 2-RUN HOME RUN (Flyball, 9D, EV 98.8 MPH), Distance : 384 ft
|
Batting: LHB Rich Rauda
|
0-0: Ball 1-0: Swinging Strike 1-1: Ground out 4-3 (Groundball, 34D, EV 88.8 MPH)
|
Batting: LHB Brian Canny
|
0-0: Called Strike 0-1: Ball 1-1: Ball 2-1: Foul Ball, location: 2F 2-2: Foul Ball, location: 2F 2-2: Ball 3-2: Strikes out swinging
|
Bottom of the 3rd over - 2 runs, 1 hit, 0 errors, 0 left on base; Joplin 1 - Colorado 5 |
TOP OF THE 4TH |
Joplin Blasters batting - Pitching for Colorado Avalanche : LHP Juan Vargas
|
Batting: RHB Cody Marshall
|
0-0: Ball 1-0: Ball 2-0: Called Strike 2-1: SINGLE (Line Drive, 8LS, EV 112.5 MPH)
|
Pitching: RHP Bryce Hickman
|
|
Batting: RHB Mike Stokes
|
0-0: Ball 1-0: Ball 2-0: SINGLE (Groundball, 56D, EV 96.2 MPH) Cody Marshall to second
|
Batting: RHB Esteban Acuna
|
0-0: Fly out, F8 (Flyball, 8LM, EV 73.1 MPH)
|
Batting: LHB Willie Marquez
|
0-0: Called Strike 0-1: 3-RUN HOME RUN (Flyball, 89XD, EV 109.4 MPH), Distance : 432 ft
|
Batting: RHB Jimmy Black
|
0-0: Ball 1-0: Foul Ball, location: 2F 1-1: Ball 2-1: Foul Ball, location: 2F 2-2: Strikes out swinging
|
Batting: RHB Danny Jefferies
|
0-0: Ball 1-0: Ground out 6-3 (Groundball, 6MD, EV 90.0 MPH)
|
Top of the 4th over - 3 runs, 3 hits, 0 errors, 0 left on base; Joplin 4 - Colorado 5 |
BOTTOM OF THE 4TH |
Colorado Avalanche batting - Pitching for Joplin Blasters : RHP Chris Elliott
|
Batting: LHB Javy Rueda
|
0-0: Ball 1-0: Swinging Strike 1-1: Swinging Strike 1-2: Ball 2-2: Strikes out swinging
|
Batting: RHB Luis Mendoza
|
0-0: Swinging Strike 0-1: Ball 1-1: Ball 2-1: Ball 3-1: Foul Ball, location: 2F 3-2: Strikes out swinging
|
Pitching: LHP Adrian Sanchez
|
|
Batting: RHB Jack Stadner
|
0-0: Foul Ball, location: 2F 0-1: Swinging Strike 0-2: Ball 1-2: Strikes out looking
|
Bottom of the 4th over - 0 runs, 0 hits, 0 errors, 0 left on base; Joplin 4 - Colorado 5 |
TOP OF THE 5TH |
Joplin Blasters batting - Pitching for Colorado Avalanche : RHP Bryce Hickman
|
Batting: RHB John Normand
|
0-0: Ball 1-0: Fly out, F9 (Flyball, 89S, EV 87.5 MPH)
|
Batting: RHB Mike McClung
|
0-0: Ball 1-0: Ball 2-0: SINGLE (Groundball, 6MD, EV 98.1 MPH)
|
Batting: SHB Gary Woodroffe
|
0-0: Ball 1-0: Called Strike 1-1: Swinging Strike 1-2: SINGLE (Groundball, 56D, EV 95.6 MPH) Mike McClung to second
|
Batting: RHB Cody Marshall
|
0-0: Ball 1-0: Ball 2-0: DOUBLE (Line Drive, 89M, EV 96.9 MPH) Mike McClung scores Gary Woodroffe to third Runner from 3rd tries for Home, SAFE, throw by RF to trailing runner, SAFE at third!
|
Batting: RHB Mike Stokes
|
0-0: Called Strike 0-1: Swinging Strike 0-2: Ball 1-2: Ball 2-2: Foul Ball, location: 2F 2-2: SINGLE (Groundball, 56, EV 101.2 MPH) Cody Marshall scores
|
Batting: RHB Esteban Acuna
|
0-0: Called Strike 0-1: Called Strike 0-2: Ball 1-2: Ball 2-2: 2-RUN HOME RUN (Flyball, 7D, EV 99.4 MPH), Distance : 399 ft
|
Batting: LHB Willie Marquez
|
0-0: Ball 1-0: Foul Ball, location: 2F 1-1: Ball 2-1: Ball 3-1: Ground out 4-3 (Groundball, 4, EV 79.4 MPH)
|
Batting: RHB Jimmy Black
|
0-0: Ball 1-0: SOLO HOME RUN (Flyball, 7LD, EV 98.8 MPH), Distance : 388 ft
|
Pitching: RHP Alex Valadez
|
|
Batting: RHB Danny Jefferies
|
0-0: DOUBLE (Line Drive, 78D, EV 105.6 MPH)
|
Batting: RHB John Normand
|
0-0: Ball 1-0: SINGLE (Groundball, 34, EV 105.0 MPH) Danny Jefferies to third Runner from 3rd tries for Home, SAFE, throw by RF to home
|
Batting: RHB Mike McClung
|
0-0: Called Strike 0-1: Ball 1-1: Ball John Normand steals 2nd, throwing error, E2 John Normand to third 2-1: Foul Ball, location: 2F 2-2: Strikes out swinging
|
Top of the 5th over - 7 runs, 8 hits, 1 error, 1 left on base; Joplin 11 - Colorado 5 |
BOTTOM OF THE 5TH |
Colorado Avalanche batting - Pitching for Joplin Blasters : LHP Adrian Sanchez
|
Batting: RHB Eric Delgado
|
0-0: Ball 1-0: Foul Ball, location: 2F 1-1: SOLO HOME RUN (Flyball, 78XD, EV 108.1 MPH), Distance : 451 ft
|
Batting: RHB Chris Tatum
|
0-0: Fly out, F7 (Flyball, 7S, EV 95.6 MPH)
|
Batting: SHB Joan Coucieiro
|
0-0: Foul Ball, location: 2F 0-1: Foul Ball, location: 2F 0-2: Strikes out swinging
|
Batting: RHB Rade Mamula
|
0-0: Ball 1-0: Swinging Strike 1-1: Foul Ball, location: 2F 1-2: Ball 2-2: Strikes out looking
|
Bottom of the 5th over - 1 run, 1 hit, 0 errors, 0 left on base; Joplin 11 - Colorado 6 |
TOP OF THE 6TH |
Joplin Blasters batting - Pitching for Colorado Avalanche : RHP Alex Valadez
|
Batting: SHB Gary Woodroffe
|
0-0: Called Strike 0-1: Ball 1-1: Foul Ball, location: 2F 1-2: Foul Ball, location: 2F 1-2: Ball 2-2: Ball 3-2: Base on Balls
|
Batting: RHB Cody Marshall
|
0-0: Ball 1-0: Foul Ball, location: 2F 1-1: Ball 2-1: Grounds into double play, 6-4-3 (Groundball, 56, EV 78.8 MPH)
|
Batting: RHB Mike Stokes
|
0-0: Ball 1-0: Ball 2-0: Ball 3-0: Called Strike 3-1: Base on Balls
|
Batting: RHB Esteban Acuna
|
Balk! Mike Stokes to second 0-0: Ball 1-0: Swinging Strike 1-1: Swinging Strike 1-2: Ground out 6-3 (Groundball, 6, EV 86.2 MPH)
|
Top of the 6th over - 0 runs, 0 hits, 0 errors, 1 left on base; Joplin 11 - Colorado 6 |
BOTTOM OF THE 6TH |
Colorado Avalanche batting - Pitching for Joplin Blasters : LHP Adrian Sanchez
|
Batting: LHB Rich Rauda
|
0-0: Foul Ball, location: 2F 0-1: Called Strike 0-2: Strikes out looking
|
Batting: LHB Brian Canny
|
0-0: Ball 1-0: Called Strike 1-1: Called Strike 1-2: Strikes out looking
|
Batting: LHB Javy Rueda
|
0-0: Called Strike 0-1: Swinging Strike 0-2: Foul Ball, location: 2F 0-2: Strikes out swinging
|
Bottom of the 6th over - 0 runs, 0 hits, 0 errors, 0 left on base; Joplin 11 - Colorado 6 |
TOP OF THE 7TH |
Joplin Blasters batting - Pitching for Colorado Avalanche : RHP Alex Valadez
|
Batting: LHB Willie Marquez
|
0-0: Called Strike 0-1: Called Strike 0-2: Ball 1-2: SINGLE (Groundball, 6D, EV 103.1 MPH)
|
Batting: RHB Jimmy Black
|
0-0: Foul Ball, location: 2F 0-1: Ball 1-1: Ball 2-1: DOUBLE (Flyball, 89D, EV 112.5 MPH) Willie Marquez to third
|
Pinch Hitting: RHB Colin Padgett
|
0-0: Ball 1-0: Swinging Strike 1-1: Hit by Pitch
|
Batting: RHB John Normand
|
0-0: Ball 1-0: Ball 2-0: Called Strike 2-1: Ball 3-1: Foul Ball, location: 2F 3-2: SINGLE (Groundball, 56, EV 105.0 MPH) Willie Marquez scores Jimmy Black to third Colin Padgett to second
|
Batting: RHB Mike McClung
|
0-0: Ball 1-0: Ball 2-0: Ball Wild Pitch! Jimmy Black scores Colin Padgett to third John Normand to second 3-0: Fly out, F9 (Flyball, 89S, EV 80.6 MPH)
|
Batting: SHB Gary Woodroffe
|
0-0: 3-RUN HOME RUN (Flyball, 9D, EV 103.1 MPH), Distance : 404 ft
|
Pitching: RHP Keith Giarratano
|
|
Batting: RHB Cody Marshall
|
0-0: Foul Ball, location: 2F 0-1: Ball 1-1: Foul Ball, location: 2F 1-2: Strikes out looking
|
Batting: RHB Mike Stokes
|
0-0: Called Strike 0-1: Swinging Strike 0-2: Foul Ball, location: 2F 0-2: DOUBLE (Line Drive, 7LM, EV 106.2 MPH)
|
Pinch Hitting: RHB Dustin Peterson
|
0-0: Called Strike 0-1: Ball 1-1: Called Strike 1-2: Ball 2-2: Foul Ball, location: 2F 2-2: Ball 3-2: Foul Ball, location: 2F 3-2: Strikes out swinging
|
Top of the 7th over - 5 runs, 5 hits, 0 errors, 1 left on base; Joplin 16 - Colorado 6 |
BOTTOM OF THE 7TH |
Colorado Avalanche batting - Pitching for Joplin Blasters : LHP Adrian Sanchez
|
Now in LF: Josh Lane
|
|
Now in CF: Nate Brewer
|
|
Batting: RHB Luis Mendoza
|
0-0: Ball 1-0: Called Strike 1-1: Ball 2-1: Foul Ball, location: 2F 2-2: Ball 3-2: Ground out 5-3 (Groundball, 56S, EV 91.9 MPH)
|
Batting: RHB Jack Stadner
|
0-0: Ball 1-0: Foul Ball, location: 2F 1-1: Ball 2-1: Swinging Strike 2-2: SINGLE (Groundball, 34S, EV 87.5 MPH) (infield hit)
|
Batting: RHB Eric Delgado
|
0-0: Ball 1-0: Ball Jack Stadner steals 2nd base (no throw) 2-0: Called Strike 2-1: Ball 3-1: Base on Balls
|
Pitching: RHP Billy Emerson
|
|
Batting: RHB Chris Tatum
|
0-0: Foul Ball, location: 2F 0-1: Foul Ball, location: 2F 0-2: Ball 1-2: Ball 2-2: Foul Ball, location: 2F 2-2: Foul Ball, location: 2F 2-2: Ball 3-2: SINGLE (Groundball, 5D, EV 94.4 MPH) Jack Stadner to third Eric Delgado to second
|
Batting: SHB Joan Coucieiro
|
0-0: Foul Ball, location: 2F 0-1: Foul Ball, location: 2F 0-2: Foul Ball, location: 2F 0-2: Foul Ball, location: 2F 0-2: Fielders Choice at 2nd, 4-6 (Groundball, 4S, EV 85.0 MPH) Jack Stadner scores Eric Delgado to third
|
Batting: RHB Rade Mamula
|
0-0: Called Strike 0-1: Fly out, F9 (Flyball, 9, EV 90.0 MPH)
|
Bottom of the 7th over - 1 run, 2 hits, 0 errors, 2 left on base; Joplin 16 - Colorado 7 |
TOP OF THE 8TH |
Joplin Blasters batting - Pitching for Colorado Avalanche : RHP Keith Giarratano
|
Batting: LHB Willie Marquez
|
0-0: Ball 1-0: Called Strike 1-1: Swinging Strike 1-2: Strikes out swinging
|
Batting: RHB Jimmy Black
|
0-0: Ball 1-0: Fly out, F9 (Flyball, 9S, EV 93.8 MPH)
|
Batting: RHB Nate Brewer
|
0-0: Called Strike 0-1: Foul Ball, location: 2F 0-2: Ball 1-2: Foul Ball, location: 2F 1-2: Strikes out swinging
|
Top of the 8th over - 0 runs, 0 hits, 0 errors, 0 left on base; Joplin 16 - Colorado 7 |
BOTTOM OF THE 8TH |
Colorado Avalanche batting - Pitching for Joplin Blasters : RHP Billy Emerson
|
Batting: LHB Rich Rauda
|
0-0: Ball 1-0: Ball 2-0: Called Strike 2-1: Ball 3-1: Called Strike 3-2: Base on Balls
|
Batting: LHB Brian Canny
|
0-0: Swinging Strike 0-1: Swinging Strike 0-2: Strikes out swinging
|
Batting: LHB Javy Rueda
|
0-0: Ball 1-0: Ball 2-0: Ball 3-0: Foul Ball, location: 2F 3-1: Foul Ball, location: 2F 3-2: Foul Ball, location: 2F 3-2: Strikes out swinging
|
Batting: RHB Luis Mendoza
|
0-0: Called Strike 0-1: Called Strike 0-2: Ball 1-2: Strikes out swinging
|
Bottom of the 8th over - 0 runs, 0 hits, 0 errors, 1 left on base; Joplin 16 - Colorado 7 |
TOP OF THE 9TH |
Joplin Blasters batting - Pitching for Colorado Avalanche : RHP Keith Giarratano
|
Batting: RHB John Normand
|
0-0: Ball 1-0: Ball 2-0: Called Strike 2-1: SINGLE (Line Drive, 9S, EV 94.4 MPH)
|
Batting: RHB Mike McClung
|
0-0: Ball 1-0: Fly out, F9 (Flyball, 89S, EV 86.2 MPH)
|
Pinch Hitting: RHB Tanner Holland
|
0-0: Ball 1-0: Called Strike 1-1: Fly out, F7 (Line Drive, 78M, EV 111.9 MPH)
|
Pinch Hitting: RHB Bobby Leon
|
0-0: Ball 1-0: Called Strike 1-1: Ball 2-1: Foul Ball, location: 2F 2-2: Foul Ball, location: 2F 2-2: 2-RUN HOME RUN (Flyball, 7D, EV 108.1 MPH), Distance : 415 ft
|
Pitching: RHP Don Carriere
|
|
Batting: RHB Mike Stokes
|
0-0: Ball 1-0: Swinging Strike 1-1: Foul Ball, location: 2F 1-2: Strikes out looking
|
Top of the 9th over - 2 runs, 2 hits, 0 errors, 0 left on base; Joplin 18 - Colorado 7 |
BOTTOM OF THE 9TH |
Colorado Avalanche batting - Pitching for Joplin Blasters : RHP Billy Emerson
|
Now at 2B: John Normand
|
|
Now at 3B: Tanner Holland
|
|
Now at SS: Bobby Leon
|
|
Batting: RHB Jack Stadner
|
0-0: Ball 1-0: Called Strike 1-1: Ball 2-1: Foul Ball, location: 2F 2-2: Ball 3-2: Strikes out looking
|
Pitching: LHP Omar Nogueira
|
|
Batting: RHB Eric Delgado
|
0-0: Foul Ball, location: 2F 0-1: Ball 1-1: Ball 2-1: Ball 3-1: Foul Ball, location: 2F 3-2: Ground out 6-3 (Groundball, 6S, EV 77.5 MPH)
|
Batting: RHB Chris Tatum
|
0-0: Ball 1-0: Ball 2-0: Foul Ball, location: 2F 2-1: Foul Ball, location: 2F 2-2: Ball 3-2: Base on Balls
|
Batting: SHB Joan Coucieiro
|
0-0: Called Strike 0-1: Ball 1-1: Foul Ball, location: 2F 1-2: Ball Wild Pitch! Chris Tatum to second 2-2: Ground out 1-3 (Groundball, 13S, EV 66.2 MPH)
|
Bottom of the 9th over - 0 runs, 0 hits, 0 errors, 1 left on base; Joplin 18 - Colorado 7 |
|